 Dungeon Sprint DCSS version 0.31.0-32-g396128a36d (webtiles) character file.

Game seed: 4248896426813997901

424 Heoruswealwe the Spear-Bearer (level 6, -11/64 HPs)
             Began as a Minotaur Fighter on Mar 30, 2024.
             Was an Initiate of Gozag.
             Mangled by a two-headed ogre
             ... wielding a +0 giant spiked club
              (23 damage)
             ... in the Dungeon (Sprint IX: "|||||||||||||||||||||||||||||").
             The game lasted 00:01:09 (118 turns).

Heoruswealwe the Spear-Bearer (Minotaur Fighter)     Turns: 118, Time: 00:01:10

Health: -11/64     AC:  8    Str: 22    XL:     6   Next: 64%
Magic:  5/5        EV:  9    Int:  5    God:    Gozag
Gold:   0          SH:  4    Dex: 10    Spells: 5/5 levels left

rFire   . . .        a - +0 trident
rCold   . . .        d - +0 buckler
rNeg    . . .        c - +0 scale mail
rPois   .            (helmet restricted)
rElec   .            (no cloak)
rCorr   .            (no gloves)
SInv    .            (no boots)
Will    .....        (no amulet) Stlth
                     (no ring)
HPRegen 0.30/turn    (no ring)
MPRegen 0.09/turn

%: no teleportation
@: gold aura
A: horns 2, retaliatory headbutt
a: Renounce Religion, Potion Petition, Call Merchant, Bribe Branch


You were in the Dungeon.
You worshipped Gozag.
Gozag was noncommittal.
You visited 1 branch

Inventory:

Hand Weapons
 a - a +0 trident (weapon)
Armour
 c - a +0 scale mail (worn)
 d - a +0 buckler (worn)
Jewellery
 k - a +3 ring of dexterity
 l - a +2 ring of evasion
Wands
 h - a wand of iceblast (10)
Scrolls
 j - 2 scrolls of blinking
Potions
 b - a potion of might
 e - 5 potions of curing
 f - 3 potions of heal wounds
 g - a potion of haste
 i - a potion of berserk rage


   Skills:
 + Level 9.4 Fighting
 * Level 12.3 Polearms
 + Level 9.3 Armour
 - Level 3.6 Shields


You had 5 spell levels left.
You didn't know any spells.
Your spell library was empty.

Dungeon Overview and Level Annotations

Branches:
Dungeon (1/1)

Altars:
Cheibriados
Dithmenos
Elyvilon
Fedhas
Gozag
Hepliaklqana
Kikubaaqudgha
Makhleb
Nemelex Xobeh
Okawaru
Qazlal
Ru
Sif Muna
Trog
Uskayaw
Vehumet
Wu Jian
Xom
Yredelemnul
Zin
The Shining One
Jiyva
Lugonu


Innate Abilities, Weirdness & Mutations

You have a pair of horns on your head.
You reflexively headbutt those who attack you in melee.


Message History

The yak is severely wounded.
The yak is distracted by your dazzling golden aura.
The yak bellows!
You hit the yak.
The yak is no longer distracted by gold.
The yak is severely wounded.
The yak is distracted by your dazzling golden aura.
The yak bellows!
You hit the yak.
The yak is no longer distracted by gold.
The yak is severely wounded.
You hit the yak. You headbutt the yak.
The yak is almost dead.
The yak gores you but does no damage.
You barely miss the yak. You headbutt the yak, but do no damage.
The yak is almost dead.
The yak gores you.
* * * LOW HITPOINT WARNING * * *
You hit the yak but do no damage. You headbutt the yak.
The yak is almost dead.
You block the yak's attack.
You hit the yak.
The yak is almost dead.
The yak barely misses you.
You hit the yak but do no damage.
The yak is almost dead.
You completely miss the yak.
The yak is almost dead.
The yak gores you.
* * * LOW HITPOINT WARNING * * *
You barely miss the yak.
The yak is almost dead.
The yak barely misses you. You furiously retaliate!
You headbutt the yak!
You kill the yak!
Your Fighting skill increases to level 9!
Your Polearms skill gained 2 levels and is now at level 12!
Your Armour skill increases to level 9!
The two-headed ogre hits you with a +0 giant spiked club!!
You die...
Your body crumbles into a pile of gold. ▓▓▓▓▓▓▓▓▓▓▓▓▓▓▓▓▓▓▓▓▓▓▓ _____'!?).[[[..'@O.{..+ ▓▓▓▓▓▓▓▓▓▓▓▓▓▓▓▓▓▓▓▓▓▓▓

You could see a two-headed ogre.

Vanquished Creatures
  A yak (D)
  An ogre (D)
  A centaur (D)
  A howler monkey (D)
  A hound (D)
  An iguana (D)
  A gnoll (D)
  An adder (D)
  2 endoplasms (D)
  A kobold (D)
  A ball python (D)
  A rat (D)
13 creatures vanquished.

Notes
Turn   | Place    | Note
-------+----------+-------------------------------------------
     0 | D        | Heoruswealwe the Minotaur Fighter began the quest for the
                  | Orb.
     0 | D        | Reached XP level 1. HP: 19/19 MP: 0/0
     6 | D        | Reached skill level 3 in Polearms
    23 | D        | Noticed an iguana
    23 | D        | Noticed an ogre
    23 | D        | Noticed a hound
    29 | D        | Killed an iguana
    30 | D        | Reached skill level 5 in Fighting
    30 | D        | Reached skill level 5 in Polearms
    30 | D        | Reached skill level 5 in Armour
    30 | D        | Reached XP level 2. HP: 15/29 MP: 1/1
    30 | D        | Reached XP level 3. HP: 19/36 MP: 2/2
    34 | D        | Killed an ogre
    35 | D        | Reached skill level 8 in Polearms
    35 | D        | Reached XP level 4. HP: 25/45 MP: 3/3
    39 | D        | Reached skill level 9 in Polearms
    39 | D        | Reached XP level 5. HP: 30/52 MP: 4/4
    50 | D        | Found a snail-covered altar of Cheibriados.
    50 | D        | Found a shadowy altar of Dithmenos.
    50 | D        | Found a white marble altar of Elyvilon.
    50 | D        | Found a blossoming altar of Fedhas.
    50 | D        | Found an opulent altar of Gozag.
    51 | D        | Found a hazy altar of Hepliaklqana.
    52 | D        | Found a viscous altar of Jiyva.
    53 | D        | Found an ancient bone altar of Kikubaaqudgha.
    54 | D        | Found a corrupted altar of Lugonu.
    55 | D        | Found a burning altar of Makhleb.
    56 | D        | Found a sparkling altar of Nemelex Xobeh.
    57 | D        | Found an iron altar of Okawaru.
    58 | D        | Became a worshipper of Gozag Ym Sagoz the Greedy
    59 | D        | Found a stormy altar of Qazlal.
    60 | D        | Found a sacrificial altar of Ru.
    61 | D        | Found a shimmering blue altar of Sif Muna.
    62 | D        | Found a bloodstained altar of Trog.
    63 | D        | Found a hide-covered altar of Uskayaw.
    64 | D        | Found a radiant altar of Vehumet.
    65 | D        | Found an ornate altar of the Wu Jian Council.
    66 | D        | Found a shimmering altar of Xom.
    67 | D        | Found a basalt altar of Yredelemnul.
    68 | D        | Found a glowing silver altar of Zin.
    69 | D        | Found a glowing golden altar of the Shining One.
    94 | D        | Noticed a centaur
    94 | D        | Noticed a yak
    94 | D        | Noticed a vampire
    94 | D        | Noticed a two-headed ogre
    94 | D        | Noticed a shadow
    99 | D        | Killed a centaur
   100 | D        | Reached skill level 10 in Polearms
   104 | D        | Reached XP level 6. HP: 38/62 MP: 5/5
   117 | D        | Killed a yak
   118 | D        | Reached skill level 12 in Polearms
   118 | D        | Mangled by a two-headed ogre

Illustrated notes

Levels and vault maps discovered:
D:        linesprint [early_d, line_temple, items_1, d_10, items_2, lair_1,
          lair_end, items_3, orc_1, orc_end, items_4, d_15, swamp_1, shoals_1,
          snake_1, spider_1, d_20, vaults_1, items_5, swamp_end, shoals_end,
          snake_end, spider_end, vaults_end, d_27, items_6, zot_1, zot_end,
          crypt_end, forest_end, elf_end, slime_end, tomb_end, abyss_end,
          pan_hell_end]

Skill      XL: |  1  2  3  4  5  6 |
---------------+-------------------+-----
Polearms       | 5 8 9 10 12 | 12.3
Fighting       | 5 6 7 8 9 |  9.4
Armour         | 5 6 7 8 9 |  9.3
Shields        | |  3.6

Action                     |  1- 3 |  4- 6 || total
---------------------------+-------+-------++-------
  Melee: Trident           |    24 |    31 ||    55
         Headbutt          |     2 |     8 ||    10
 Armour: Scale mail        |    10 |    16 ||    26
  Dodge: Dodged            |     6 |     8 ||    14
  Block: Buckler           |     2 |     6 ||     8
